 Dungeon Crawl Stone Soup version 0.24-a0-250-g6074511092 (webtiles) character file.

Game seed: 5918327560343974086

54464 Redear the Brawler (level 14, -14/143 HPs)
             Began as a Troll Monk on Apr 14, 2019.
             Was the Champion of Okawaru.
             Demolished by an orc warlord
             ... wielding a +1 long sword
              (26 damage)
             ... on level 2 of the Orcish Mines.
             The game lasted 01:40:58 (11025 turns).

Redear the Brawler (Troll Monk)                    Turns: 11025, Time: 01:40:59

Health: -14/143    AC: 13    Str: 24    XL:     14   Next: 34%
Magic:  21/21      EV: 19    Int:  6    God:    Okawaru [******]
Gold:   1281       SH:  0    Dex: 14    Spells: 13/13 levels left

rFire    + . .     SeeInvis .     - Unarmed
rCold    + . .     Gourm    +   (no shield)
rNeg     . . .     Faith    .   a - +5 robe of Midwinter {rElec rF+}
rPois    .         Spirit   .   (helmet restricted)
rElec    +         Reflect  .   E - +1 cloak {MR+} {MR+}
rCorr    +         Harm     .   (gloves unavailable)
MR       ++...                  (boots unavailable)
Stlth    +++.......             u - amulet of rage {+Rage}
HPRegen  0.73/turn              c - ring of protection from cold {rC+}
MPRegen  0.17/turn              g - ring of resist corrosion

@: heroism
A: large, unfitting armour, claws 3, fast metabolism 3, gourmand, regeneration
1, shaggy fur 1, tough skin 3
a: Heroism, Finesse, Renounce Religion, Evoke Berserk Rage


You were on level 2 of the Orcish Mines.
You worshipped Okawaru.
Okawaru was exalted by your worship.
You were completely stuffed.

You visited 3 branches of the dungeon, and saw 19 of its levels.

You collected 1281 gold pieces.

Inventory:

Hand Weapons
 y - a +3 arbalest of freezing
Missiles
 h - 4 javelins of penetration (quivered)
 l - 9 javelins
 s - 5 tomahawks of returning
Armour
 a - the +5 robe of Midwinter (worn) {rElec rF+}
   (You found it on level 5 of the Dungeon)

   It protects you from fire.
   It insulates you from electricity.
 t - the +2 robe "Keyz" {rPois rF+ rN+}
   (Okawaru gifted it to you on level 11 of the Dungeon)

   It protects you from fire.
   It protects you from poison.
   It protects you from negative energy.
 E - a +1 cloak of magic resistance (worn) {MR+}
 I - a scarf of resistance
Magical Staves
 r - an uncursed staff of energy {unknown}
 A - an uncursed staff of fire {unknown}
Jewellery
 c - a ring of protection from cold (left claw) {rC+}
 g - a ring of resist corrosion (right claw)
 u - an amulet of rage (around neck) {+Rage}
 B - an uncursed ring of flight {+Fly}
Wands
 C - a wand of random effects (12)
 D - a wand of polymorph (3)
 P - a wand of paralysis (14)
Scrolls
 b - 4 scrolls of immolation
 d - 6 scrolls of enchant weapon
 f - 3 scrolls of amnesia
 i - 3 scrolls of noise {unknown}
 m - a scroll of torment {unknown}
 n - a scroll of fear {unknown}
 o - 2 scrolls of random uselessness {unknown}
 v - a scroll of holy word {unknown}
 w - a scroll of fog {unknown}
 M - 3 scrolls of magic mapping
 N - 5 scrolls of remove curse {@r2}
 T - 10 scrolls of teleportation {@r3}
Potions
 e - 3 potions of brilliance {Archmagi Int+5 Wiz++}
 j - 2 potions of agility {Stlth+ Dex+5 EV+5 | @q4}
 k - a potion of magic
 p - 2 potions of lignification
 q - 3 potions of might {Str+5 DMG+1d10 | @q3}
 x - a potion of mutation {unknown}
 F - a potion of flight {unknown}
 H - a potion of haste {@q5}
 Q - 3 potions of curing {@q2}
Comestibles
 z - 28 rations
 G - 9 chunks of flesh


   Skills:
 - Level 10.0(15.0) Fighting
 + Level 1.4(6.4) Armour
 + Level 9.8(14.8) Dodging
 - Level 1.0(6.0) Stealth
 + Level 15.6(20.6) Unarmed Combat
 - Level 11.0 Invocations


You had 13 spell levels left.
You didn't know any spells.
Your spell library contained the following spells:

 Spells                   Type           Power        Failure   Level  Hunger
 Corona                   Hex            #......      45%         1    ##.....
 Flame Tongue             Conj/Fire      #....        45%         1    ##.....
 Freeze                   Ice            #...         45%         1    ##.....
 Infusion                 Chrm           #...         45%         1    ##.....
 Ensorcelled Hibernation  Hex/Ice        #.....       58%         2    ###....
 Poisonous Vapours        Pois/Air       #.....       58%         2    ###....
 Shroud of Golubria       Chrm/Tloc      #.........   58%         2    ###....
 Song of Slaying          Chrm           #.......     58%         2    ###....
 Throw Flame              Conj/Fire      #.....       58%         2    ###....
 Throw Frost              Conj/Ice       #.....       58%         2    ###....
 Confuse                  Hex            #.......     83%         3    ####...
 Conjure Flame            Conj/Fire      #.......     83%         3    ####...
 Dazzling Spray           Conj/Hex       #.....       83%         3    ####...
 Inner Flame              Hex/Fire       #.......     83%         3    ####...
 Mephitic Cloud           Conj/Pois/Air  #.......     83%         3    ####...
 Ozocubu's Armour         Chrm/Ice       #.......     83%         3    ####...
 Regeneration             Chrm/Necr      #.........   83%         3    ####...
 Spectral Weapon          Hex/Chrm       #.......     83%         3    ####...
 Static Discharge         Conj/Air       #.......     83%         3    ####...
 Tukima's Dance           Hex            #.......     83%         3    ####...
 Sticky Flame             Conj/Fire      #.......     99%         4    #####..
 Summon Ice Beast         Ice/Summ       #.......     99%         4    #####..
 Throw Icicle             Conj/Ice       #.......     99%         4    #####..
 Fireball                 Conj/Fire      #.........   100%        5    ######.
 Lightning Bolt           Conj/Air       #.........   100%        5    ######.
 Freezing Cloud           Conj/Ice/Air   #.........   100%        6    #######
 Ring of Flames           Chrm/Fire      #.........   100%        7    #######
 Ignition                 Fire           #.........   100%        8    #######
 Shatter                  Erth           #.........   100%        9    #######
 Tornado                  Air            #.........   100%        9    #######


Dungeon Overview and Level Annotations

Branches:
Dungeon (11/15)            Temple (0/1) D:5            Lair (6/6) D:11
 Shoals (0/4) Lair:4       Spider (0/4) Lair:4        Slime (0/5) Lair:6
    Orc (2/2) D:11
    Elf: Orc:2

Altars:
Ashenzari
Cheibriados
Hepliaklqana
Kikubaaqudgha
Makhleb
Okawaru
Wu Jian
Xom
Zin
The Shining One
Beogh

Shops:
D:4 (

Annotations:
D:6 1 transporter
D:8 3 runed translucent doors, whodunnit's ghost, novice DsBe
Orc:2 Nergalle


Innate Abilities, Weirdness & Mutations

You are too large for most types of armour.
You have claws for hands.
Your metabolism is lightning-fast.
You like to eat raw meat.
Your natural rate of healing is unusually fast.
You are covered in fur. (AC +1)
You have extremely tough skin. (AC +3)


Message History

You kill the cyclops!
Okawaru accepts your kill.
Unknown command.
Items here: )) [[ † a cursed +0 chain mail; a +0 mace; a +0 robe; a +0 dagger; a cyclops corpse You butcher the cyclops corpse.
G - 9 chunks of flesh (gained 4)
Items here: )) [[ ÷ a cursed +0 chain mail; a +0 mace; a +0 robe; a +0 dagger; a cyclops skeleton You regained 2 hp, and now have 39/143 hp.
You're too full to eat anything.
There is a stone staircase leading down, spattered with blood here.
You see here a +0 giant club.
You climb downwards.
Level annotation: Nergalle An orc comes into view.
The orc warlord hits you with a +1 long sword!!
* * * LOW HITPOINT WARNING * * *
The orc warlord hits you with a +1 long sword!!
You die...

#..........##......
##....#.....o.o...#
#...........oo.....
##................
#...........#...
##....).....#...
#.....[[...###.#
##....))...#.##
#....@[[.....#
#...o[)#....##
##............#
#.....#...#....
##...###.......
#....# .......
##..## #......
#...# #..... ##.##
....#


You could see an orc warlord, Nergalle, an orc warrior and an orc.

Vanquished Creatures
  2 entropy weavers
  Azrael (Orc:2)
  Snorg (Orc:1)
  A fire dragon (Lair:6)
  3 hydras
  6 death yaks (Lair:5)
  A two-headed ogre (D:8)
  A queen ant (Lair:5)
  An orc high priest (Orc:1)
  Urug (D:11)
  A lindwurm (Lair:6)
  2 orc knights (Orc:1)
  An orc sorcerer (Orc:2)
  An oklob plant (Lair:6)
  A cyclops (Orc:1)
  4 elephants (Lair:6)
  An ugly thing (D:11)
  2 manticores (D:11)
  A gargoyle (D:11)
  3 molten gargoyles (Lair:6)
  8 black mambas
  8 spiny frogs
  A torpor snail (Lair:6)
  8 komodo dragons
  A rime drake (Lair:6)
  A demonic crawler (Lair:4)
  A troll (Orc:1)
  Grinder (D:4)
  A polar bear (Lair:4)
  4 blink frogs (Lair:6)
  4 dream sheep (Lair:6)
  7 hippogriffs
  A vampire (D:11)
  2 wraiths (D:11)
  A wyvern (Lair:6)
  5 fire elementals (Orc:2)
  35 yaks
  2 hungry ghosts (D:11)
  4 basilisks (Lair:6)
  2 steam dragons (Lair:6)
  A warg (Orc:2)
  19 soldier ants
  8 hell hounds
  Duvessa (D:7)
  11 water moccasins
  12 porcupines
  A hornet zombie (D:7)
  15 orc warriors
  5 ice beasts (D:10)
  4 sky beasts
  7 ogres
  3 phantoms (D:11)
  3 centaurs
  A necrophage (D:9)
  36 wolves
  11 crocodiles
  3 big kobolds
  9 bullfrogs
  Dowan (D:7)
  A hornet simulacrum (D:10)
  8 scorpions
  2 troll zombies (D:11)
  3 killer bees (D:7)
  5 electric eels (D:10)
  3 crimson imps
  3 bullfrog zombies
  4 lava snakes (Lair:6)
  A quasit (D:11)
  8 jellies
  A wyvern simulacrum (D:10)
  A bullfrog skeleton (D:7)
  2 centaur skeletons
  5 hounds
  A water moccasin simulacrum (D:10)
  10 orc priests
  16 orc wizards
  A gnoll shaman (D:10)
  An iguana (D:9)
  30 worker ants
  4 ogre zombies (D:11)
  A hound skeleton (D:6)
  A killer bee simulacrum (D:10)
  2 worker ant zombies
  9 gnolls (D:10)
  11 adders
  2 shadow imps
  5 white imps (D:10)
  2 worker ant simulacra (D:10)
  An adder skeleton (D:8)
  2 dart slugs (D:1)
  4 worms
  An adder simulacrum (D:10)
  3 leopard geckos
  68 orcs
  3 giant cockroaches
  2 hobgoblins (D:3)
  8 jackals
  3 quokkas
  A ball python (D:4)
  3 bats
  5 frilled lizards
  2 goblins
  3 goblin skeletons (D:11)
  A goblin zombie (D:11)
  2 hobgoblin skeletons (D:11)
  2 hobgoblin zombies (D:11)
  17 kobolds
  A leopard gecko skeleton (D:7)
  3 orc skeletons (D:11)
  8 orc zombies (D:11)
  2 rats
571 creatures vanquished.

Vanquished Creatures (others)
  An orc (Orc:2)
  10 fungi
  20 plants
31 creatures vanquished.

Grand Total: 602 creatures vanquished

Notes
Turn   | Place    | Note
-------+----------+-------------------------------------------
     0 | D:1      | Redear the Troll Monk began the quest for the Orb.
     0 | D:1      | Reached XP level 1. HP: 22/22 MP: 0/0
   161 | D:1      | Reached XP level 2. HP: 26/29 MP: 1/1
   189 | D:1      | Found a shattered altar of Ashenzari.
   500 | D:3      | Found an iron altar of Okawaru.
   507 | D:3      | Reached skill level 3 in Fighting
   507 | D:3      | Reached XP level 3. HP: 27/37 MP: 2/2
   515 | D:3      | Became a worshipper of Warmaster Okawaru
   515 | D:3      | Reached * piety under Okawaru
   515 | D:3      | Reached ** piety under Okawaru
   524 | D:3      | Noticed a scorpion
   531 | D:3      | Killed a scorpion
   531 | D:3      | Reached skill level 4 in Unarmed Combat
   531 | D:3      | Reached XP level 4. HP: 33/45 MP: 3/3
   861 | D:4      | Noticed an ogre
   896 | D:4      | HP: 4/45 [ogre/+0 giant spiked club (17)]
   931 | D:4      | Killed an ogre
   931 | D:4      | Reached XP level 5. HP: 27/54 MP: 4/4
   949 | D:4      | Noticed Grinder
   949 | D:4      | Paralysed by Grinder for 2 turns
   957 | D:4      | Killed Grinder
   957 | D:4      | Reached skill level 4 in Fighting
   957 | D:4      | Reached skill level 5 in Unarmed Combat
   957 | D:4      | Reached XP level 6. HP: 44/63 MP: 5/5
  1294 | D:4      | Found Nisuxt's Antique Weapon Shoppe.
  1475 | D:5      | Entered Level 5 of the Dungeon
  1504 | D:6      | Reached skill level 5 in Fighting
  1504 | D:6      | Reached skill level 6 in Unarmed Combat
  1504 | D:6      | Reached XP level 7. HP: 27/72 MP: 6/6
  1549 | D:6      | Got a polished buckler
  1661 | D:6      | Reached *** piety under Okawaru
  1711 | D:6      | Found a transporter.
  1748 | D:6      | Reached skill level 7 in Unarmed Combat
  1755 | D:6      | HP: 6/74 [orc/+0 trident (3)]
  1756 | D:6      | Reached skill level 6 in Fighting
  1756 | D:6      | Reached XP level 8. HP: 7/83 MP: 4/7
  1858 | D:6      | Found a glowing golden altar of the Shining One.
  1905 | D:5      | Got a tattered robe
  1934 | D:5      | Identified the +5 robe of Midwinter {rElec rF+} (You found
                  | it on level 5 of the Dungeon)
  1980 | D:5      | Reached skill level 8 in Unarmed Combat
  2180 | D:5      | Reached **** piety under Okawaru
  2191 | D:5      | Reached skill level 7 in Fighting
  2223 | D:5      | Found a glowing silver altar of Zin.
  2259 | D:5      | Found a staircase to the Ecumenical Temple.
  2519 | D:7      | Reached XP level 9. HP: 84/93 MP: 8/8
  2522 | D:7      | Reached skill level 9 in Unarmed Combat
  2808 | D:7      | Noticed Duvessa
  2811 | D:7      | Noticed Dowan
  2836 | D:7      | Killed Duvessa
  2853 | D:7      | Killed Dowan
  3008 | D:8      | Reached skill level 8 in Fighting
  3045 | D:8      | Found a runed translucent gate.
  3046 | D:8      | Found a runed translucent gate.
  3047 | D:8      | Found a runed translucent gate.
  3050 | D:8      | Noticed whodunnit's ghost (novice DsBe)
  3095 | D:8      | Reached skill level 10 in Unarmed Combat
  3129 | D:8      | Noticed a two-headed ogre
  3145 | D:8      | Killed a two-headed ogre
  3145 | D:8      | Reached ***** piety under Okawaru
  3272 | D:9      | Reached skill level 9 in Fighting
  3273 | D:9      | Reached XP level 10. HP: 104/107 MP: 9/9
  3322 | D:9      | Received a gift from Okawaru
  3387 | D:9      | Found an ornate altar of the Wu Jian Council.
  3390 | D:9      | Found a hazy altar of Hepliaklqana.
  3393 | D:9      | Found a burning altar of Makhleb.
  3396 | D:9      | Found an ancient bone altar of Kikubaaqudgha.
  3509 | D:10     | Entered Level 10 of the Dungeon
  3607 | D:10     | Reached skill level 11 in Unarmed Combat
  3764 | D:10     | Reached skill level 1 in Invocations
  3954 | D:10     | Found a shimmering altar of Xom.
  3958 | D:10     | Reached skill level 2 in Invocations
  4036 | D:10     | Reached skill level 10 in Fighting
  4233 | D:11     | Found a staircase to the Orcish Mines.
  4238 | D:11     | Reached skill level 3 in Invocations
  4245 | D:11     | Noticed a manticore
  4259 | D:11     | Noticed a gargoyle
  4260 | D:11     | Killed a manticore
  4260 | D:11     | Reached skill level 12 in Unarmed Combat
  4264 | D:11     | Reached XP level 11. HP: 48/117 MP: 10/12
  4278 | D:11     | Received a gift from Okawaru
  4278 | D:11     | Reached skill level 4 in Invocations
  4377 | D:11     | Noticed Urug
  4392 | D:11     | Reached skill level 5 in Invocations
  4413 | D:11     | Killed Urug
  4459 | D:11     | Reached skill level 6 in Invocations
  4493 | D:11     | Found a staircase to the Lair.
  4524 | D:11     | Noticed a green ugly thing
  4535 | D:11     | Killed a green ugly thing
  4593 | D:11     | Reached skill level 7 in Invocations
  4627 | D:11     | Received a gift from Okawaru
  4630 | D:11     | Got a sheer robe {god gift}
  4646 | D:11     | Identified the +2 robe "Keyz" {rPois rF+ rN+} (Okawaru
                  | gifted it to you on level 11 of the Dungeon)
  4706 | D:11     | HP: 11/117 [barbs]
  4707 | D:11     | HP: 5/117 [barbs]
  4712 | Lair:1   | Entered Level 1 of the Lair of Beasts
  4886 | Lair:1   | Reached skill level 8 in Invocations
  4984 | Lair:2   | HP: 1/117 [spiny frog (20)]
  5271 | Lair:1   | Noticed a four-headed hydra
  5281 | Lair:1   | Killed a six-headed hydra
  5281 | Lair:1   | Reached skill level 9 in Invocations
  5610 | Lair:1   | Reached skill level 10 in Invocations
  5610 | Lair:1   | Reached XP level 12. HP: 93/126 MP: 15/18
  6280 | Lair:3   | Found a snail-covered altar of Cheibriados.
  6300 | Lair:3   | Reached skill level 11 in Invocations
  6311 | Lair:3   | HP: 9/126 [wolf (5)]
  6524 | Lair:3   | Reached skill level 3 in Dodging
  6549 | Lair:3   | Received a gift from Okawaru
  6854 | Lair:4   | Found a hole to the Spider Nest.
  6876 | Lair:4   | Reached skill level 4 in Dodging
  7152 | Lair:4   | Found a staircase to the Shoals.
  7256 | Lair:4   | Reached skill level 5 in Dodging
  7339 | Lair:5   | Reached skill level 13 in Unarmed Combat
  7424 | Lair:5   | Noticed a death yak
  7424 | Lair:5   | Noticed a death yak
  7424 | Lair:5   | Noticed a death yak
  7424 | Lair:5   | Noticed a death yak
  7424 | Lair:5   | Noticed a death yak
  7424 | Lair:5   | Noticed a death yak
  7459 | Lair:5   | Killed a death yak
  7461 | Lair:5   | Killed a death yak
  7546 | Lair:5   | Received a gift from Okawaru
  7549 | Lair:5   | Got a slimy robe {god gift}
  7561 | Lair:5   | Identified the +3 robe "Vounnem" {rN+} (Okawaru gifted it
                  | to you on level 5 of the Lair of Beasts)
  7906 | Lair:5   | You fall through a shaft!
  7906 | Lair:6   | Entered Level 6 of the Lair of Beasts
  7993 | Lair:6   | Reached skill level 6 in Dodging
  7993 | Lair:6   | Reached XP level 13. HP: 108/133 MP: 20/20
  8063 | Lair:6   | HP: 19/199 [hell hound/blast of flame (2)]
  8068 | Lair:6   | HP: 12/133 [poisoned by a black mamba]
  8172 | Lair:6   | Noticed an entropy weaver
  8184 | Lair:5   | Killed an entropy weaver
  8452 | Lair:5   | HP: 9/133 [six-headed hydra (5)]
  8720 | Lair:5   | Reached skill level 7 in Dodging
  8722 | Lair:5   | Reached skill level 14 in Unarmed Combat
  8858 | Lair:6   | Reached ****** piety under Okawaru
  8883 | Lair:6   | Noticed an entropy weaver
  8891 | Lair:6   | Killed an entropy weaver
  9027 | Lair:6   | Reached skill level 8 in Dodging
  9199 | Lair:6   | Found a staircase to the Slime Pits.
  9251 | Lair:6   | Received a gift from Okawaru
  9495 | Lair:6   | Found a large runed translucent door.
  9497 | Lair:6   | Found a large runed translucent door.
  9497 | Lair:6   | Noticed a fire dragon
  9597 | Lair:6   | Reached skill level 15 in Unarmed Combat
  9805 | Lair:6   | Reached skill level 9 in Dodging
  9851 | Lair:6   | Killed a fire dragon
  9851 | Lair:6   | Reached XP level 14. HP: 138/143 MP: 13/21
 10112 | Orc:1    | Entered Level 1 of the Orcish Mines
 10352 | Orc:1    | Found a roughly hewn altar of Beogh.
 10420 | Orc:2    | Entered Level 2 of the Orcish Mines
 10428 | Orc:2    | Noticed Azrael
 10446 | Orc:2    | Killed Azrael
 10597 | Orc:2    | Noticed Snorg
 10719 | Orc:1    | Killed Snorg
 10826 | Orc:1    | Received a gift from Okawaru
 10887 | Orc:1    | Reached skill level 1 in Armour
 11015 | Orc:2    | Noticed an orc warlord
 11017 | Orc:2    | Noticed Nergalle
 11025 | Orc:2    | HP: 12/143 [orc warlord/+1 long sword (29)]
 11025 | Orc:2    | Demolished by an orc warlord

Levels and vault maps discovered:
D:1:      dpeg_arrival_three_smaller_balls, layout_loops_ring,
          evilmike_ruin_ashenzari
D:2:      layout_loops_corners, patterned_corridor
D:3:      minmay_chambers_of_twos, layout_basic, lemuel_crystal_altar,
          serial_corexii_hall, corexii_hall_statues_x, corexii_hall_statues_i,
          serial_park_tiny_2
D:4:      layout_basic, serial_shops, nicolae_shop_competitors_out_of_business,
          first_ration, uniq_grinder
D:5:      layout_cave_pools, lemuel_zombie_altar_yredelemnul, zin_scriptorium,
          minmay_temple_entry_arrows
D:6:      layout_rooms, tso_altar, gammafunk_ghost_gnarly_gnolls,
          uniq_crazy_yiuf_cottage, uniq_blork_the_orc
D:7:      layout_basic, uniq_duvessa
D:8:      layout_loops_ring, gammafunk_ghost_spectres, uniq_psyche
D:9:      layout_cross, grunt_temple_overflow_cloverleaf
D:10:     layout_roguey, basic_altar, serial_ice, serial_ice_m, serial_ice_n,
          serial_ice_c, serial_ice_h, serial_ice_o, serial_ice_l, serial_ice_e,
          serial_ice_f
D:11:     layout_cave_pools, minmay_lair_entry_grove, zombieorc1_lemuel,
          hangedman_fish_farm, chequers_serial_rivers_micro_c, uniq_urug
Lair:1:   layout_chaotic_city, infiniplex_staircase_pool
Lair:2:   layout_roguey, chequers_serial_rivers_micro_d, grunt_megastairs_3
Lair:3:   layout_layer_cave, basic_altar, grunt_forest_large_clearings
Lair:4:   layout_small_grid, minmay_shoals_entry_hut,
          nicolae_spider_entry_non_spiders, serial_rivers,
          chequers_serial_rivers_micro_a, chequers_serial_rivers_micro_d,
          chequers_serial_rivers_micro_c, chequers_serial_rivers_micro_d,
          chequers_serial_rivers_micro_d, chequers_serial_rivers_small_3,
          serial_bayou_pond_a, serial_bayou_shore_b
Lair:5:   layout_regular_city
Lair:6:   cheibrodos_lair_end_hotspot, layout_long_grid,
          minmay_slime_entry_oklob_enclosed, zaba_anthell
Orc:1:    layout_caves, minmay_orc_temple_a
Orc:2:    grunt_orc_cross, layout_caves, basic_altar, uniq_snorg, uniq_azrael

Skill      XL: |  1  2  3  4  5  6  7  8  9 10 11 12 13 14 |
---------------+-------------------------------------------+-----
Fighting       | 3 4 5 6 7 9 10 | 10.0
Unarmed Combat | 4 5 6 7 8 10 12 13 15 | 15.6
Invocations    | 3 10 11 | 11.0
Dodging        | 6 9 |  9.8
Armour         | 1 |  1.4
Stealth        | |  1.0

Action                   |  1- 3 |  4- 6 |  7- 9 | 10-12 | 13-15 || total
-------------------------+-------+-------+-------+-------+-------++-------
Melee: Unarmed           |    48 |    53 |   327 |   750 |   525 ||  1703
       Punch             |     1 |       |    22 |    58 |    54 ||   135
Invok: Heroism           |       |       |     3 |    17 |    16 ||    36
       Finesse           |       |       |       |       |     1 ||     1
 Abil: Evoke Berserk Rag |       |       |       |     1 |    10 ||    11
Evoke: Wand              |       |       |       |     3 |       ||     3
  Use: Scroll            |       |     6 |     1 |     5 |     3 ||    15
       Potion            |       |     1 |     3 |     8 |     2 ||    14
 Stab: Sleeping          |     1 |     2 |     1 |     2 |       ||     6
       Distracted        |       |       |       |     1 |       ||     1
  Eat: Chunk             |     2 |    13 |    20 |    45 |    39 ||   119
       Ration            |       |       |       |     1 |     1 ||     2
Armor: Robe              |    17 |     9 |   127 |   280 |   131 ||   564
       Skin              |       |       |       |    45 |       ||    45
Dodge: Dodged            |    23 |    14 |   162 |   427 |   405 ||  1031

Table legend:
 A = Non-vault XP
 B = Vault XP
 C = Vault XP percentage of total XP
 D = Non-vault monster count
 E = Vault monster count
 F = Vault count percentage of total count
                 A         B        C        D         E       F
            +---------+---------+-------+---------+---------+-------
      Total |   44185 |   33621 |  43.2 |     367 |     204 |  35.7
            +---------+---------+-------+---------+---------+-------
        D:1 |      13 |       0 |   0.0 |       7 |       0 |   0.0
        D:2 |       1 |       0 |   0.0 |       1 |       0 |   0.0
        D:3 |     125 |       0 |   0.0 |      18 |       0 |   0.0
        D:4 |     242 |     295 |  54.9 |       8 |       1 |  11.1
        D:5 |     918 |       0 |   0.0 |      25 |       0 |   0.0
        D:6 |     897 |       0 |   0.0 |      24 |       0 |   0.0
        D:7 |     748 |     234 |  23.8 |      33 |       2 |   5.7
        D:8 |    2008 |       0 |   0.0 |      24 |       0 |   0.0
        D:9 |     706 |       0 |   0.0 |      25 |       0 |   0.0
       D:10 |    1621 |    1672 |  50.8 |      26 |      22 |  45.8
       D:11 |    5702 |    3494 |  38.0 |      35 |      42 |  54.5
     Lair:1 |    4268 |       0 |   0.0 |      14 |       0 |   0.0
     Lair:2 |    1706 |     679 |  28.5 |      11 |       6 |  35.3
     Lair:3 |    3130 |    2724 |  46.5 |      16 |      21 |  56.8
     Lair:4 |    3582 |     565 |  13.6 |      17 |       8 |  32.0
     Lair:5 |    7709 |    2862 |  27.1 |      16 |       5 |  23.8
     Lair:6 |    7991 |   13720 |  63.2 |      25 |      70 |  73.7
      Orc:1 |    1836 |    3956 |  68.3 |      23 |      16 |  41.0
      Orc:2 |     982 |    3420 |  77.7 |      19 |      11 |  36.7
            +---------+---------+-------+---------+---------+-------
